 Dungeon Sprint DCSS version 0.28.0-43-g3370ac3207 (webtiles) character file.

Game seed: 10132471269393151972

2400000 smarlow the Archmage (level 19, -49/174 HPs)
             Began as a Djinni Warper on Mar 8, 2022.
             Was the Champion of Makhleb.
             Annihilated by a destroyer
             ... wielding a +9 vorpal great sword
              (223 damage)
             ... in the Dungeon (Sprint VIII: "Arena of Blood").
             The game lasted 00:01:18 (24 turns).

smarlow the Archmage (Djinni Warper)                  Turns: 24, Time: 00:01:18

Health: -49/174    AC:  4    Str: 10    XL:     19   Next: 24%
Gold:   0          EV: 30    Int: 16    God:    Makhleb [******] SH:  0 Dex: 20

rFire   + + .      SeeInvis .   g - +∞ Axe of Woe
rCold   x . .      Faith    .   (shield currently unavailable)
rNeg    . . .      Spirit   .   b - +0 leather armour
rPois   ∞          Reflect  .   (no helmet)
rElec   .          Harm     .   (no cloak)
rCorr   .          Rampage  .   (no gloves)
Will    +....      NoTele   +   (boots unavailable)
Stlth   +.........              (no amulet)
HPRegen 0.39/turn               (no ring)
MPRegen 0.00/turn               (no ring)

@: death channelling, flying, hasted, very quick
A: sickness immunity, fire resistance 2, cold vulnerability 1, float, innate
caster, HP casting, extra vitality 1
a: Renounce Religion, Minor Destruction, Lesser Servant of Makhleb, Major
Destruction, Greater Servant of Makhleb


You were in the Dungeon.
You worshipped Makhleb.
Makhleb was exalted by your worship.
You visited 1 branch

Inventory:

Hand Weapons
 a - a +0 hand axe
 g - the +∞ Axe of Woe (weapon)
   (You found it in the Dungeon)
Missiles
 d - 5 boomerangs of dispersal (quivered)
Armour
 b - a +0 leather armour (worn)
Scrolls
 c - 2 scrolls of blinking
Potions
 e - a potion of curing
 f - a potion of heal wounds
 h - a potion of berserk rage


   Skills:
 O Level 27 Fighting
 O Level 27 Axes
 + Level 6.7 Throwing
 + Level 9.1 Armour
 + Level 26.0 Dodging
 O Level 27 Spellcasting


You had 19 spell levels left.
You knew the following spells:

 Your Spells              Type           Power      Damage    Failure   Level
a - Blink                 Tloc           100%       N/A       0%          2
b - Lesser Beckoning      Tloc           82%        N/A       0%          3
c - Gell's Gravitas       Tloc           82%        N/A       0%          3
d - Teleport Other        Tloc           82%        N/A       0%          3
e - Manifold Assault      Tloc           82%        N/A       0%          5
f - Foxfire               Conj/Fire      100%       2x1d9     0%          1
g - Searing Ray           Conj           100%       2d8       0%          2
h - Poisonous Vapours     Pois/Air       100%       N/A       0%          2
i - Inner Flame           Hex/Fire       82%        N/A       0%          3
j - Leda's Liquefaction   Hex/Erth       41%        N/A       0%          4
k - Lightning Bolt        Conj/Air       41%        1d60      0%          5
l - Death Channel         Necr           41%        N/A       0%          6
m - Dragon Form           Tmut           41%        N/A       1%          7
n - Haunt                 Necr/Summ      41%        N/A       1%          7
Your spell library was empty.

Dungeon Overview and Level Annotations

Branches:
Dungeon (1/1)

Altars:
Makhleb


Innate Abilities, Weirdness & Mutations

You are immune to sickness and miasma.
You are immune to poison.
Your flesh is very heat resistant. (rF++)
You are vulnerable to cold. (rC-)
You float through the air rather than walking.
You learn spells naturally, not from books.
Your magical power is your life essence.
You have superior vitality. (+4 MHP)


Message History

The meat berserker hits your spectral bag of meat with a +9 battleaxe!!!
The meat berserker hits your spectral bag of meat with a +9 battleaxe!!
Your spectral bag of meat is destroyed!
The meat berserker hits your spectral bag of meat with a +9 battleaxe!
The meat berserker hits your spectral meat berserker with a +9 battleaxe!
The meat berserker hits your spectral bag of meat with a +9 battleaxe!!
The meat berserker hits your spectral bag of meat with a +9 battleaxe!!!
The meat berserker rages.
Your spectral bag of meat hits the bag of meat.
You hear a shout!
Your Armour skill increases to level 9!
Your Dodging skill gained 2 levels and is now at level 26!
You swap places.
The destroyer appears out of thin air!
A destroyer comes into view. It is wielding a +9 vorpal great sword.
The destroyer shouts!
You hear a shout!
The meat berserker hits your spectral bag of meat with a +9 battleaxe!
The meat berserker hits your spectral bag of meat with a +9 battleaxe!!! x2
You hear a shout!
Your spectral bag of meat hits the meat berserker but does no damage.
Your spectral bag of meat hits the meat berserker.
You hear a shout! x2
The meat berserker hits your spectral meat berserker with a +9 battleaxe!!!
Your spectral meat berserker is destroyed!
The meat berserker hits your spectral bag of meat with a +9 battleaxe!!! x2
You hear a shout!
Your spectral bag of meat hits the meat berserker.
You hear a shout!
Your spectral bag of meat hits the meat berserker.
The bag of meat misses you.
The bag of meat barely misses your spectral bag of meat.
The bag of meat completely misses your spectral bag of meat.
You hear a shout!
Your spectral bag of meat barely misses the meat berserker.
The bag of meat closely misses your spectral bag of meat.
The bag of meat hits your spectral bag of meat with a +9 war axe!!
The bag of meat hits your spectral bag of meat with a +9 war axe!
A meat berserker comes into view. It is wielding a +9 battleaxe.
The destroyer hits you with a +9 vorpal great sword!!!!!
Ouch! That really hurt!
You die...

.....##. #.#
....... .. ..
###.....##.##...
................
.....o.o..#.#...
.....OO.o...o...
#.V..o..V.Z.....
#....o@Z)Z..Oo.
O....ZZZZZO...o.
.....OZ)))O.....
.....#ZZoZO..#..
.....#.)))OO.#
...###Oo.Z...###.
.......)###......
#........_.......
......#.....#....


You could see 2 destroyers, 3 large bags of meat, 8 meat berserkers, 10 bags of
meat and 13 friendly spectral bags of meat.

Vanquished Creatures
  4 ogres (D)
  21 orcs (D)
25 creatures vanquished.

Notes
Turn   | Place    | Note
-------+----------+-------------------------------------------
     0 | D        | Found the +∞ Axe of Woe
     0 | D        | smarlow the Djinni Warper began the quest for the Orb.
     0 | D        | Reached XP level 1. HP: 18/18 MP: 0/0
     3 | D        | Noticed a meat berserker
     4 | D        | Noticed a meat berserker
     5 | D        | Became a worshipper of Makhleb the Destroyer
     6 | D        | Noticed a bag of meat
     7 | D        | Noticed a bag of meat
     7 | D        | Noticed a bag of meat
     7 | D        | Noticed a bag of meat
     8 | D        | Noticed a bag of meat
     8 | D        | Noticed a bag of meat
     8 | D        | Noticed a meat berserker
     9 | D        | Killed a bag of meat
     9 | D        | Noticed a bag of meat
     9 | D        | Noticed a meat berserker
     9 | D        | Noticed a bag of meat
     9 | D        | Noticed a bag of meat
    10 | D        | Reached skill level 10 in Dodging
    10 | D        | Reached skill level 15 in Spellcasting
    10 | D        | Reached XP level 2. HP: 34/34 MP: 0/0
    10 | D        | Reached XP level 3. HP: 40/40 MP: 0/0
    10 | D        | Learned a level 1 spell: Foxfire
    10 | D        | Reached XP level 4. HP: 45/45 MP: 0/0
    10 | D        | Reached XP level 5. HP: 50/50 MP: 0/0
    10 | D        | Learned a level 2 spell: Searing Ray
    10 | D        | Reached XP level 6. HP: 57/57 MP: 0/0
    10 | D        | Reached XP level 7. HP: 61/61 MP: 0/0
    10 | D        | Learned a level 2 spell: Poisonous Vapours
    10 | D        | Reached XP level 8. HP: 67/67 MP: 0/0
    10 | D        | Reached XP level 9. HP: 73/73 MP: 0/0
    10 | D        | Learned a level 3 spell: Inner Flame
    10 | D        | Reached XP level 10. HP: 78/78 MP: 0/0
    10 | D        | Reached XP level 11. HP: 84/84 MP: 0/0
    10 | D        | Learned a level 4 spell: Leda's Liquefaction
    10 | D        | Killed a bag of meat
    10 | D        | Reached * piety under Makhleb
    10 | D        | Killed a meat berserker
    10 | D        | Noticed a bag of meat
    11 | D        | Reached XP level 12. HP: 96/96 MP: 0/0
    11 | D        | Reached XP level 13. HP: 102/102 MP: 0/0
    11 | D        | Learned a level 5 spell: Lightning Bolt
    11 | D        | Killed a bag of meat
    11 | D        | Killed a meat berserker
    11 | D        | Reached ** piety under Makhleb
    11 | D        | Noticed a bag of meat
    11 | D        | Noticed a bag of meat
    12 | D        | Reached XP level 14. HP: 112/112 MP: 0/0
    12 | D        | Noticed a bag of meat
    12 | D        | Noticed a bag of meat
    12 | D        | Noticed a bag of meat
    12 | D        | Noticed a meat berserker
    13 | D        | Killed a meat berserker
    13 | D        | Killed a bag of meat
    13 | D        | Noticed a bag of meat
    13 | D        | Noticed a bag of meat
    14 | D        | Reached skill level 5 in Armour
    14 | D        | Reached XP level 15. HP: 107/122 MP: 0/0
    14 | D        | Learned a level 6 spell: Death Channel
    14 | D        | Noticed a meat berserker
    15 | D        | Killed a meat berserker
    15 | D        | Reached *** piety under Makhleb
    15 | D        | Noticed a meat berserker
    15 | D        | Noticed a meat berserker
    16 | D        | Reached XP level 16. HP: 110/132 MP: 0/0
    17 | D        | Reached **** piety under Makhleb
    17 | D        | Noticed a meat berserker
    18 | D        | Reached skill level 27 in Spellcasting
    18 | D        | Reached XP level 17. HP: 107/141 MP: 0/0
    18 | D        | Learned a level 7 spell: Dragon Form
    18 | D        | Noticed a meat berserker
    19 | D        | Noticed a large bag of meat
    20 | D        | Reached ***** piety under Makhleb
    20 | D        | Noticed a destroyer
    20 | D        | Noticed a meat berserker
    20 | D        | Noticed a large bag of meat
    21 | D        | Reached XP level 18. HP: 156/156 MP: 0/0
    22 | D        | Reached ****** piety under Makhleb
    23 | D        | Reached skill level 27 in Fighting
    23 | D        | Reached skill level 27 in Axes
    23 | D        | Reached XP level 19. HP: 174/174 MP: 0/0
    23 | D        | Learned a level 7 spell: Haunt
    24 | D        | Noticed a large bag of meat
    24 | D        | Noticed a destroyer
    24 | D        | Noticed a meat berserker
    24 | D        | Annihilated by a destroyer

Illustrated notes

Levels and vault maps discovered:
D:        meatsprint

Skill      XL: |  1  2  3  4  5  6  7  8  9 10 11 12 13 14 15 16 17 18 19 |
---------------+----------------------------------------------------------+-----
Fighting       | 9 12 14 16 17 19 22 27 | 27.0
Axes           | 8 11 14 16 18 20 25 27 | 27.0
Throwing       | 3 4 6 |  6.7
Armour         | 2 4 5 6 8 9 |  9.1
Dodging        | 10 13 14 16 17 18 20 24 26 | 26.0
Spellcasting   | 15 20 23 24 26 27 | 27.0

Action                   |  1- 3 |  4- 6 |  7- 9 | 10-12 | 13-15 | 16-18 | 19-21 || total
-------------------------+-------+-------+-------+-------+-------+-------+-------++-------
Melee: Executioner's axe |     1 |       |       |     1 |     3 |     4 |     1 ||    10
 Cast: Death Channel     |       |       |       |       |     1 |       |       ||     1
  Use: Potion            |     1 |       |       |       |       |       |       ||     1
Dodge: Dodged            |       |       |       |       |       |     2 |     1 ||     3
